 Dungeon Crawl Stone Soup version 0.30.1-11-g7821555f0a (webtiles) character file.

Game seed: 10541477639102955081

24 exaltech the Digger (level 3, 19/19 HPs)
             Began as a Gargoyle Earth Elementalist on May 4, 2023.
             Quit the game on level 2 of the Dungeon on Nov 16, 2023.
             The game lasted 00:05:18 (755 turns).

exaltech the Digger (Gargoyle Earth Elementalist)    Turns: 755, Time: 00:05:19

Health: 19/19      AC:  5    Str: 11    XL:     3   Next: 2%
Magic:  6/6        EV: 12    Int: 17    God:
Gold:   10         SH:  0    Dex: 10    Spells: 5/6 levels left

rFire   . . .        d - +0 short sword
rCold   . . .        (no shield)
rNeg    + . .        a - +0 robe
rPois   ∞            (no helmet)
rElec   +            (no cloak)
rCorr   .            (no gloves)
SInv    .            (no boots)
Will    .....        (no amulet)
Stlth   ++           (no ring)
HPRegen 0.23/turn    (no ring)
MPRegen 0.10/turn

%: no passive effects
@: no status effects
A: sickness immunity, AC +3, negative energy resistance 1, electricity
resistance, torment resistance 1, petrification resistance
a: no special abilities


You were on level 2 of the Dungeon.
You visited 1 branch of the dungeon, and saw 2 of its levels.

You collected 10 gold pieces.

Inventory:

Hand Weapons
 d - a +0 short sword (weapon)
Armour
 a - a +0 robe (worn)
Scrolls
 h - a scroll of teleportation {unknown}
Potions
 b - 2 potions of magic
 c - 2 potions of haste {unknown}
 e - 2 potions of flight {unknown}
 f - 2 potions of mutation {unknown}
 g - a potion of heal wounds {unknown}
 i - a potion of berserk rage {unknown}


   Skills:
 - Level 1.8 Dodging
 - Level 2.5 Stealth
 - Level 0.5 Unarmed Combat
 - Level 2.0 Spellcasting
 - Level 0.7 Transmutations
 + Level 4.3 Earth Magic


You had 5 spell levels left.
You knew the following spells:

 Your Spells              Type           Power      Damage    Failure   Level
a - Sandblast             Erth           32%        2d9       3%          1

Your spell library contained the following spells:

 Spells                   Type           Power      Damage    Failure   Level
 Passwall                 Tmut/Erth      8%         N/A       11%         2
 Stone Arrow              Conj/Erth      18%        3d8       24%         3
 Petrify                  Tmut/Erth      10%        N/A       56%         4


Dungeon Overview and Level Annotations

Branches:
Dungeon (2/15)

Altars:

Shops:
D:1 [


Innate Abilities, Weirdness & Mutations

You are immune to sickness and miasma.
Your stone body is resilient. (AC +3)
You are immune to poison.
You resist negative energy. (rN+)
You are resistant to electric shocks. (rElec)
You are resistant to unholy torment.
You are immune to petrification.


Message History

The quokka bites you but does no damage.
You barely miss the quokka. The quokka bites you.
You closely miss the quokka. The quokka misses you. x2
You hit the quokka.
The quokka is heavily wounded.
The quokka twitches its whiskers.
The quokka bites you.
You barely miss the quokka.
The quokka is heavily wounded.
The quokka bites you.
You barely miss the quokka.
The quokka is heavily wounded.
The quokka bites you but does no damage.
You hit the quokka.
You kill the quokka!
No target in view!
No target in view!
No target in view!
No target in view!
No target in view!
No target in view!
No target in view!
No target in view!
No target in view!
No target in view!
HP restored.
A ball python comes into view.
A ball python is nearby!
A kobold comes into view. It is wielding a +0 whip.
You hit the ball python.
You kill the ball python!
You have reached level 3!
Your experience leads to an increase in your attributes!
Increase (S)trength, (I)ntelligence, or (D)exterity?
You feel clever. x2
Welcome back, exaltech the Gargoyle Earth Elementalist.
Press ? for a list of commands and other information.
Welcome back, exaltech the Gargoyle Earth Elementalist.
Press ? for a list of commands and other information.
Are you sure you want to abandon this character and quit the game? (Confirm with "yes".)

######.#.#######
#.#
................#
#.#
#######.#...###.#
#.# #.#..<# #.#
#.#..####.# #.#
#.#.......# #.#
#.##.######. #.#
#........... #.#
####@####... #^#
#...†....... #.#
#..........K #.#
####.##..... #.#
... ..... #.# ..#
.... ..# ... #..#
.##


You could see a kobold (asleep).

Vanquished Creatures
  A dart slug (D:1)
  3 bats (D:1)
  An endoplasm (D:1)
  A giant cockroach (D:1)
  2 goblins (D:1)
  A hobgoblin (D:1)
  3 kobolds (D:1)
  3 quokkas
  3 ball pythons
  2 rats (D:1)
20 creatures vanquished.

Notes
Turn   | Place    | Note
-------+----------+-------------------------------------------
     0 | D:1      | exaltech the Gargoyle Earth Elementalist began the quest
                  | for the Orb.
     0 | D:1      | Reached XP level 1. HP: 10/10 MP: 3/3
    32 | D:1      | Upgraded the game from 0.30-b1-5-g8e6c1be481 to
                  | 0.30.0-5-g1a98f26d00
   147 | D:1      | Reached XP level 2. HP: 14/15 MP: 5/5
   341 | D:1      | Reached skill level 4 in Earth Magic
   393 | D:1      | Found Regroobe's Armour Boutique.
   755 | D:2      | Reached XP level 3. HP: 19/19 MP: 6/6
   755 | D:2      | Upgraded the game from 0.30.0-5-g1a98f26d00 to
                  | 0.30.0-10-gfe55d96785
   755 | D:2      | Upgraded the game from 0.30.0-10-gfe55d96785 to
                  | 0.30.1-11-g7821555f0a
   755 | D:2      | Quit the game

Illustrated notes

Levels and vault maps discovered:
D:1:      nicolae_arrival_washed_ashore, layout_rooms, serial_shops,
          nicolae_shop_hallway_plus, minmay_tree_intersection
D:2:      layout_basic, serial_shops, nicolae_shop_back_alley_shop, shop,
          nicolae_shop_behind_doors, st_stairs_2

Skill      XL: |  1  2 |
---------------+-------+-----
Earth Magic    | 4 |  4.3
Dodging        | |  1.8
Stealth        | |  2.5
Unarmed Combat | |  0.5
Spellcasting   | |  2.0
Transmutations | |  0.7

Action                     || total
---------------------------++-------
  Melee: Short sword       ||    60
         Unarmed           ||    14
   Cast: Sandblast         ||     5
   Stab: Sleeping          ||     3
 Armour: Robe              ||    31
  Dodge: Dodged            ||    45
